 Dungeon Sprint DCSS version 0.22-a0-358-g7563fe7 (webtiles) character file.

424 KristoblXynda the Carver (level 6, -7/48 HPs)
             Began as a Draconian Gladiator on Apr 18, 2018.
             Was a High Priest of Jiyva.
             Mangled by a seven-headed hydra (17 damage)
             ... in the Dungeon (Sprint IX: "|||||||||||||||||||||||||||||").
             The game lasted 00:01:33 (680 turns).

KristoblXynda the Carver (Draconian Gladiator)       Turns: 680, Time: 00:01:34

Health: -7/48      AC:  6    Str: 17    XL:     6   Next: 64%
Magic:  6/6        EV: 18    Int: 14    God:    Jiyva [*****.]
Gold:   0          SH:  0    Dex: 16    Spells: 5/5 levels left

rFire    . . .     SeeInvis .   o - +2 scimitar (holy)
rCold    . . .     Gourm    .   (no shield)
rNeg     . . .     Faith    .   (armour unavailable)
rPois    .         Spirit   .   b - +0 hat
rElec    .         Reflect  .   (no cloak)
rCorr    +         Harm     .   (no gloves)
MR       .....     NoTele   +   (no boots)
Stlth    +.........             (no amulet)
HPRegen  0.16/turn              r - +3 ring of intelligence
MPRegen  0.10/turn              s - +3 ring of intelligence

@: no status effects
A: unfitting armour, horns 1, agile 1, cold-blooded, AC +6
a: Request Jelly, Slimify, Cure Bad Mutation, Renounce Religion


You were in the Dungeon.
You worshipped Jiyva.
Jiyva was extremely pleased with you.
You were not hungry.

You visited 1 branch

Inventory:

Hand Weapons
 a - a +0 long sword
 o - a +2 scimitar of holy wrath (weapon)
Missiles
 c - 3 throwing nets (quivered)
Armour
 b - a +0 hat (worn)
 p - a +0 pair of boots
 q - a +0 pair of gloves
Jewellery
 r - a +3 ring of intelligence (left hand)
 s - a +3 ring of intelligence (right hand)
Wands
 n - a wand of iceblast (10)
Scrolls
 j - 2 scrolls of blinking
 l - 3 scrolls of remove curse
 m - 2 scrolls of amnesia
Potions
 e - a potion of invisibility
 f - 3 potions of heal wounds
 g - a potion of haste
 h - 4 potions of magic
 k - 4 potions of curing
Comestibles
 d - a ration


   Skills:
 - Level 2.1 Fighting
 * Level 11.8 Long Blades
 - Level 1.7 Throwing
 + Level 8.1 Dodging


You had 5 spell levels left.
You didn't know any spells.

Dungeon Overview and Level Annotations

Branches:
Dungeon (1/1)

Altars:
Cheibriados
Dithmenos
Elyvilon
Fedhas
Gozag
Hepliaklqana
Kikubaaqudgha
Makhleb
Nemelex Xobeh
Okawaru
Qazlal
Ru
Sif Muna
Trog
Uskayaw
Vehumet
Wu Jian
Xom
Yredelemnul
Zin
The Shining One
Beogh
Jiyva
Lugonu


Innate Abilities, Weirdness & Mutations

Your plain brown scales are hard. (AC +6)
You cannot fit into any form of body armour.
You are cold-blooded and may be slowed by cold attacks.
You have a pair of small horns on your head.
You are agile. (Dex +2)


Message History

Your headbutt misses the six-headed hydra.
Your tail-slap misses the six-headed hydra.
The six-headed hydra is lightly wounded.
The six-headed hydra barely misses you. The six-headed hydra bites you!
The six-headed hydra bites you but does no damage.
The six-headed hydra bites you!
The six-headed hydra closely misses you.
Unknown command.
You hack one of the six-headed hydra's heads off!
The five-headed hydra grows two more!
You slash the seven-headed hydra!
The seven-headed hydra is lightly wounded.
Unknown command.
The yak snorts and paws the ground.
The seven-headed hydra misses you.
The seven-headed hydra bites you but does no damage.
The seven-headed hydra barely misses you.
The seven-headed hydra bites you!
* * * LOW HITPOINT WARNING * * *
The seven-headed hydra bites you!
You die...

▓(▓
▓.▓
▓.▓
▓.▓
▓'▓
▓.▓
▓)▓
▓)▓
▓@▓
▓D▓
▓.▓
▓l▓
▓.▓
▓a▓
▓Y▓
▓.▓
▓.▓


You could see a seven-headed hydra, a komodo dragon, a yak and a worker ant.

Vanquished Creatures
  A hippogriff (D)
  A centaur (D)
  A scorpion (D)
  A wight (D)
  A howler monkey (D)
  A worker ant (D)
  An adder zombie (D)
  A leopard gecko (D)
  An orc (D)
  2 bat zombies (D)
  A goblin (D)
  2 hobgoblins (D)
  A quokka (D)
  A bat (D)
16 creatures vanquished.

Vanquished Creatures (others)
  An eye of draining (D)
  2 jellies (D)
3 creatures vanquished.

Grand Total: 19 creatures vanquished

Notes
Turn   | Place    | Note
-------+----------+-------------------------------------------
     0 | D        | KristoblXynda the Draconian Gladiator began the quest for the Orb.
     0 | D        | Reached XP level 1. HP: 17/17 MP: 1/1
    10 | D        | Reached skill level 4 in Long Blades
    81 | D        | Noticed a scorpion
    89 | D        | Killed a scorpion
    89 | D        | Reached skill level 6 in Long Blades
    89 | D        | Reached XP level 2. HP: 3/24 MP: 2/2
    89 | D        | Reached XP level 3. HP: 4/29 MP: 3/3
   389 | D        | Found a roughly hewn altar of Beogh.
   389 | D        | Found a snail-covered altar of Cheibriados.
   389 | D        | Found a shadowy altar of Dithmenos.
   389 | D        | Found a white marble altar of Elyvilon.
   389 | D        | Found a blossoming altar of Fedhas.
   389 | D        | Found an opulent altar of Gozag.
   390 | D        | Found a hazy altar of Hepliaklqana.
   391 | D        | Found a viscous altar of Jiyva.
   392 | D        | Found an ancient bone altar of Kikubaaqudgha.
   393 | D        | Found a corrupted altar of Lugonu.
   394 | D        | Found a burning altar of Makhleb.
   395 | D        | Found a sparkling altar of Nemelex Xobeh.
   396 | D        | Found an iron altar of Okawaru.
   397 | D        | Found a stormy altar of Qazlal.
   398 | D        | Found a sacrificial altar of Ru.
   399 | D        | Found a deep blue altar of Sif Muna.
   400 | D        | Found a bloodstained altar of Trog.
   401 | D        | Found a hide-covered altar of Uskayaw.
   402 | D        | Found a radiant altar of Vehumet.
   403 | D        | Found an ornate altar of the Wu Jian Council.
   404 | D        | Found a shimmering altar of Xom.
   405 | D        | Found a basalt altar of Yredelemnul.
   406 | D        | Found a glowing silver altar of Zin.
   407 | D        | Found a glowing golden altar of the Shining One.
   467 | D        | Became a worshipper of Jiyva Jipnaoce the Shapeless
   567 | D        | Reached * piety under Jiyva
   567 | D        | Reached ** piety under Jiyva
   568 | D        | Reached *** piety under Jiyva
   568 | D        | Gained mutation: You evolve. [Jiyva's grace]
   568 | D        | Reached **** piety under Jiyva
   568 | D        | Gained mutation: You have a pair of small horns on your head. [Jiyva's grace]
   569 | D        | Lost mutation: You evolve. [Jiyva's grace]
   569 | D        | Reached ***** piety under Jiyva
   572 | D        | Gained mutation: You are agile. (Dex +2) [Jiyva's grace]
   617 | D        | Noticed a hippogriff
   617 | D        | Noticed a centaur
   621 | D        | Killed a hippogriff
   621 | D        | Reached skill level 10 in Long Blades
   621 | D        | Reached XP level 4. HP: 36/36 MP: 4/4
   621 | D        | Reached XP level 5. HP: 41/41 MP: 5/5
   625 | D        | Reached XP level 6. HP: 48/48 MP: 6/6
   627 | D        | Reached skill level 11 in Long Blades
   676 | D        | Noticed a six-headed hydra
   676 | D        | Noticed a komodo dragon
   676 | D        | Noticed a yak
   676 | D        | Noticed a deep elf mage
   680 | D        | Mangled by a seven-headed hydra

Vault maps used:
D:        linesprint

Skill      XL: |  1  2  3  4  5  6 |
---------------+-------------------+-----
Dodging        | 4 7 8 |  8.1
Long Blades    | 6 10 11 | 11.8
Fighting       | |  2.1
Throwing       | |  1.7

Action                   |  1- 3 |  4- 6 || total
-------------------------+-------+-------++-------
Melee: Long sword        |    34 |       ||    34
       Tailslap          |     8 |       ||     8
       Scimitar          |     2 |    12 ||    14
       Headbutt          |     1 |     2 ||     3
  Use: Potion            |     2 |       ||     2
Armor: Skin              |    10 |     3 ||    13
Dodge: Dodged            |    33 |     9 ||    42
       Rpst.: Long sword |    10 |       ||    10
       Scimitar          |       |     1 ||     1

Table legend:
 A = Spawn XP
 B = Non-spawn XP
 C = Spawn XP percentage of total XP
 D = Spawn monster count
 E = Non-spawn monster count
 F = Spawn count percentage of total count
 G = Total turns spent on level
                    A         B        C        D         E        F      G
               +---------+---------+-------+---------+---------+-------+---------
         Total |       0 |     606 |   0.0 |       0 |      16 |   0.0 |   680
               +---------+---------+-------+---------+---------+-------+---------
             D |       0 |     606 |   0.0 |       0 |      16 |   0.0 |   680
               +---------+---------+-------+---------+---------+-------+---------
